 Dungeon Crawl Stone Soup version 0.31-a0-544-gceb718ecc6 (webtiles) character file.

Game seed: 6599933144457209297

5 heikuro the Shield-Bearer (level 1, -2/18 HPs)
             Began as a Formicid Fighter on Aug 15, 2023.
             Slain by a gnoll
             ... wielding a +0 flail
              (4 damage)
             ... on level 1 of the Dungeon.
             The game lasted 00:00:49 (74 turns).

heikuro the Shield-Bearer (Formicid Fighter)          Turns: 74, Time: 00:00:49

Health: -2/18      AC:  6    Str: 20    XL:     1   Next: 88%
Magic:  1/1        EV:  9    Int:  7    God:
Gold:   13         SH:  5    Dex: 13    Spells: 0/0 levels left

rFire   . . .        a - +0 war axe
rCold   . . .        c - +0 buckler
rNeg    . . .        b - +0 scale mail
rPois   .            (helmet unavailable)
rElec   .            (no cloak)
rCorr   .            (no gloves)
SInv    +            (no boots)
Will    .....        (no amulet) Stlth
                     (no ring)
HPRegen 0.23/turn    (no ring)
MPRegen 0.07/turn

%: no passive effects
@: no status effects
A: permanent stasis, dig shafts and tunnels, antennae 3, four strong arms
a: Dig, Shaft Self


You were on level 1 of the Dungeon.
You visited 1 branch of the dungeon, and saw 1 of its levels.

You collected 13 gold pieces.

Inventory:

Hand Weapons
 a - a +0 war axe (weapon)
Armour
 b - a +0 scale mail (worn)
 c - a +0 buckler (worn)
Scrolls
 e - a scroll of noise {unknown}
Potions
 d - a potion of might
 f - a potion of curing {unknown}


   Skills:
 + Level 3.3 Fighting
 * Level 2.2 Axes
 + Level 3.3 Armour
 + Level 4.1 Shields


You couldn't memorise any spells.
You didn't know any spells.
Your spell library was empty.

Dungeon Overview and Level Annotations

Branches:
Dungeon (1/15)

Altars:


Innate Abilities, Weirdness & Mutations

You cannot be hasted, slowed, berserked, paralysed or teleported.
You can dig through walls and to a lower floor.
You have a pair of large antennae on your head. (SInv)
Your four strong arms can wield two-handed weapons with a shield.


Message History

Found a scroll labelled BYM LOUZOSOFU and a ruby potion.
The endoplasm quivers.
You see here a rat corpse.
Found a throwing net.
You block the endoplasm's attack.
You hit the endoplasm but do no damage. The endoplasm freezes you.
You are frozen.
You slash the endoplasm!
You kill the endoplasm!
No target in view!
No target in view!
No target in view!
A gnoll comes into view. It is wielding a +0 flail.
You see here a ruby potion.
A bat comes into view.
Found 3 stones.
Found an escape hatch in the floor.
The gnoll hits you with a +0 flail.
You hit the gnoll.
The gnoll is lightly wounded.
You barely miss the bat. The bat closely misses you. The bat hits you.
The gnoll hits you with a +0 flail!
Ouch! That really hurt!
* * * LOW HITPOINT WARNING * * *
The gnoll hits you with a +0 flail.
* * * LOW HITPOINT WARNING * * *
You slash the gnoll!
The gnoll is almost dead.
You barely miss the bat. You block the bat's attack.
The gnoll completely misses you.
Unknown command.
You completely miss the gnoll.
The gnoll is almost dead.
You closely miss the bat. The bat hits you but does no damage.
The gnoll barely misses you. The gnoll closely misses you.
Unknown command.
You closely miss the gnoll.
The gnoll is almost dead.
The bat hits you but does no damage. x2; The gnoll hits you with a +0 flail.
You die...

......##### ......#
#.#..##....... ......###
.....#....... ........#
##............
#.......##....#.#.......
###.....#..##.#.#......>
#.......###...........
#...†......?b#........
#...†......!..@g......
#.....................
#.....................
#............(........
####..........#......(
##...#....###......
#####.#### ...... ..#
...... ##


You could see a gnoll and a bat.

Vanquished Creatures
  An endoplasm (D:1)
  2 quokkas (D:1)
  2 rats (D:1)
5 creatures vanquished.

Notes
Turn   | Place    | Note
-------+----------+-------------------------------------------
     0 | D:1      | heikuro the Formicid Fighter began the quest for the Orb.
     0 | D:1      | Reached XP level 1. HP: 18/18 MP: 1/1
    74 | D:1      | Slain by a gnoll

Illustrated notes

Levels and vault maps discovered:
D:1:      saegor_arrival_simple_a, layout_rooms

Action                     || total
---------------------------++-------
  Melee: War axe           ||    18
 Armour: Scale mail        ||    11
  Dodge: Dodged            ||    12
  Block: Buckler           ||     6

Table legend: (Time is in decaauts)
 A = Elapsed time spent in this place.
 B = Non-inter-level travel time spent in this place.
 C = Inter-level travel time spent in this place.
 D = Time resting spent in this place.
 E = Time spent auto-exploring this place.
 F = Levels seen in this place.
 G = Mean time per level.
                   A        B        C        D        E       F      G
               +--------+--------+--------+--------+--------+-----+--------+
         Total |     81 |     81 |      0 |      0 |     25 |   1 |   81.0 |
       Dungeon |     81 |     81 |      0 |      0 |     25 |   1 |   81.0 |
               +--------+--------+--------+--------+--------+-----+--------+

Top non-repeatable levels by time:
     D:1: 81 daAuts
